 Dungeon Crawl Stone Soup version 0.27.1-33-g824d729ab1 (webtiles) character file.

Game seed: 14684864741720935126

85 pkoi the Insei (level 4, -3/38 HPs)
             Began as a Draconian Monk on Dec 16, 2021.
             Slain by an orc (10 damage)
             ... on level 3 of the Dungeon.
             The game lasted 00:02:07 (2335 turns).

pkoi the Insei (Draconian Monk)                     Turns: 2335, Time: 00:02:07

Health: -3/38      AC:  7    Str: 13    XL:     4   Next: 25%
Magic:  4/4        EV: 12    Int: 12    God:
Gold:   85         SH:  0    Dex: 13    Spells: 3/3 levels left

rFire    . . .     SeeInvis .     - Unarmed
rCold    . . .     Faith    .   (no shield)
rNeg     . . .     Spirit   .   (armour unavailable)
rPois    .         Reflect  .   (helmet restricted)
rElec    .         Harm     .   (no cloak)
rCorr    .         Rampage  .   a - +0 pair of gloves
Will     .....                  f - +0 pair of boots
Stlth    ++........             (no amulet)
HPRegen  0.12/turn              (no ring)
MPRegen  0.09/turn              (no ring)

@: no status effects
A: AC +5, unfitting armour, cold-blooded, horns 1, talons 1, screaming 1
a: no special abilities


You were on level 3 of the Dungeon.
You visited 1 branch of the dungeon, and saw 3 of its levels.

You collected 98 gold pieces.
You spent 13 gold pieces at shops.

Inventory:

Missiles
 e - a throwing net (quivered)
Armour
 a - a +0 pair of gloves (worn)
 f - a +0 pair of boots (worn)
Scrolls
 c - 2 scrolls of identify
Potions
 b - a potion of flight
 d - a potion of curing


   Skills:
 - Level 3.2 Fighting
 - Level 2.6 Dodging
 - Level 1.7 Stealth
 + Level 5.1 Unarmed Combat


You had 3 spell levels left.
You didn't know any spells.
Your spell library was empty.

Dungeon Overview and Level Annotations

Branches:
Dungeon (3/15)

Altars:

Shops:
D:1 !


Innate Abilities, Weirdness & Mutations

Your plain brown scales are hard. (AC +5)
You cannot fit into any form of body armour.
You are cold-blooded and may be slowed by cold attacks.
You have a pair of small horns on your head.
You have sharp toenails.
You occasionally shout uncontrollably at your foes.


Message History

You barely miss the orc.
You tail-slap the orc, but do no damage.
The orc closely misses you.
The orc hits you from afar with a +0 trident.
A goblin comes into view. It is wielding a +0 dagger.
You are too injured to fight recklessly!
You are too injured to fight recklessly!
You are too injured to fight recklessly!
You are too injured to fight recklessly!
You are too injured to fight recklessly!
You are too injured to fight recklessly!
You are too injured to fight recklessly!
You are too injured to fight recklessly!
You are too injured to fight recklessly!
You are too injured to fight recklessly!
You are too injured to fight recklessly!
You are too injured to fight recklessly!
You are too injured to fight recklessly!
You are too injured to fight recklessly!
You are too injured to fight recklessly!
You are too injured to fight recklessly!
You are too injured to fight recklessly!
You are too injured to fight recklessly!
You are too injured to fight recklessly!
You hit the orc but do no damage.
The orc hits you with a +2 morningstar of protection!
* * * LOW HITPOINT WARNING * * *
The orc hits you but does no damage.
You completely miss the orc.
The orc hits you with a +2 morningstar of protection!
* * * LOW HITPOINT WARNING * * *
The orc closely misses you.
You barely miss the orc.
The orc hits you with a +2 morningstar of protection.
* * * LOW HITPOINT WARNING * * *
The orc barely misses you.
You hit the orc but do no damage. You headbutt the orc.
The orc is heavily wounded.
The orc hits you with a +2 morningstar of protection!
You die...

######## #......#
#.####.#####
#.##.......#######
#<##.#...........#
#.##.#####@#####.#
#.## #o# ... #o#
### #g# ##g#####.#
#.# #.S.......
#....#..####.##
........)......
#......)##.###.


You could see 2 orcs, a hobgoblin, a goblin and a ball python.

Vanquished Creatures
  5 adders (D:2)
  3 dart slugs
  3 orcs
  4 endoplasms (D:1)
  A giant cockroach (D:2)
  A goblin (D:1)
  3 hobgoblins
  6 bats
  3 frilled lizards
  3 kobolds
  2 rats (D:1)
34 creatures vanquished.

Notes
Turn   | Place    | Note
-------+----------+-------------------------------------------
     0 | D:1      | pkoi the Draconian Monk began the quest for the Orb.
     0 | D:1      | Reached XP level 1. HP: 19/19 MP: 1/1
   367 | D:1      | Reached XP level 2. HP: 26/26 MP: 2/2
   523 | D:1      | Found Kesiry's Distillery.
   537 | D:1      | Bought a potion of degeneration for 13 gold pieces
   716 | D:1      | Found a faded altar of an unknown god.
   828 | D:1      | Reached skill level 4 in Unarmed Combat
  1305 | D:2      | Reached XP level 3. HP: 31/31 MP: 3/3
  1750 | D:2      | Gained mutation: You occasionally shout uncontrollably at
                  | your foes. [potion of mutation]
  1750 | D:2      | Gained mutation: You have sharp toenails. [potion of
                  | mutation]
  1750 | D:2      | Gained mutation: You have a pair of small horns on your
                  | head. [potion of mutation]
  1805 | D:2      | Reached XP level 4. HP: 19/38 MP: 4/4
  2007 | D:2      | Reached skill level 5 in Unarmed Combat
  2335 | D:3      | Slain by an orc

Illustrated notes

Levels and vault maps discovered:
D:1:      psy_arrival_dodecagon, layout_basic, ebering_ecumenical_altar_mist,
          serial_shops, nicolae_shop_stone
D:2:      layout_basic
D:3:      kb_forest_paths, layout_loops_ring, gup_sewer_entry_glass

Skill      XL: |  1  2  3  4 |
---------------+-------------+-----
Unarmed Combat | 4 5 |  5.1
Fighting       | |  3.2
Dodging        | |  2.6
Stealth        | |  1.7

Action                   |  1- 3 |  4- 6 || total
-------------------------+-------+-------++-------
Melee: Unarmed           |   104 |    12 ||   116
       Tailslap          |    14 |     2 ||    16
       Punch             |     3 |       ||     3
       Headbutt          |     5 |     2 ||     7
       Kick              |     3 |       ||     3
  Use: Scroll            |     2 |       ||     2
       Potion            |     1 |       ||     1
 Stab: Sleeping          |     2 |     1 ||     3
Armor: Skin              |    22 |     2 ||    24
Dodge: Dodged            |    68 |     4 ||    72
